 Dungeon Crawl Stone Soup version 0.30.0-19-g36f170ea60 (webtiles) character file.

Game seed: 15738911863934978661

2646 monsoonserge the Skirmisher (level 9, 0/39 HPs)
             Began as a Spriggan Artificer on May 28, 2023.
             Was a Follower of Hepliaklqana.
             Slain by a killer bee (6 damage)
             ... on level 8 of the Dungeon.
             The game lasted 00:32:49 (6310 turns).

monsoonserge the Skirmisher (Spriggan Artificer)    Turns: 6310, Time: 00:32:50

Health: 0/39       AC:  4    Str:  8    XL:     9   Next: 35%
Magic:  10/10      EV: 19    Int: 13    God:    Hepliaklqana [*.....]
Gold:   358        SH:  7    Dex: 19    Spells: 8/8 levels left

rFire   + . .        a - +0 hand crossbow
rCold   + . .        t - +2 buckler
rNeg    + . .        h - +0 troll leather armour {Pargi}
rPois   .            (helmet restricted)
rElec   .            D - scarf {rC+ rF+}
rCorr   .            (gloves unavailable)
SInv    +            (boots unavailable)
Will    +....        (no amulet)
Stlth   ++           O - ring of positive energy
HPRegen 1.06/turn    (no ring)
MPRegen 0.12/turn

%: no passive effects
@: lethally poisoned (0 -> -4), very quick
A: reduced essence, very small, no large weapons, unfitting armour, see
invisible, speed 3
a: Renounce Religion, Recall Ancestor, Ancestor Identity


You were on level 8 of the Dungeon.
You worshipped Hepliaklqana.
Hepliaklqana was aware of your devotion.
You visited 2 branches of the dungeon, and saw 9 of its levels.
You also visited: Sewer.

You collected 358 gold pieces.

Inventory:

Hand Weapons
 a - a +0 hand crossbow (weapon)
 b - a +4 dagger
 r - a +1 short sword of holy wrath
 x - a +2 dagger of draining
Missiles
 s - 8 poisoned darts
 v - 3 silver boomerangs
 N - 2 throwing nets
Armour
 f - a +0 robe
 h - a +0 troll leather armour (worn) {Pargi}
 t - a +2 buckler (worn)
 D - a scarf of resistance (worn)
Jewellery
 O - a ring of positive energy (left hand)
Wands
 c - a wand of flame (4)
 d - a wand of charming (11)
 e - a wand of iceblast (5)
 u - a wand of polymorph (14)
 H - a wand of roots (13)
 P - a wand of light (2)
Scrolls
 g - 6 scrolls of identify {unknown}
 i - 2 scrolls of vulnerability {unknown}
 m - 2 scrolls of amnesia {unknown}
 n - 5 scrolls of poison {unknown}
 o - a scroll of torment {unknown}
 q - 5 scrolls of blinking {unknown}
 w - a scroll of enchant armour {unknown}
 y - 2 scrolls of noise {unknown}
 E - a scroll of magic mapping {unknown}
 F - a scroll of teleportation {unknown}
 G - a scroll of enchant weapon {unknown}
 I - a scroll of acquirement {unknown}
 J - a scroll of fog {unknown}
 L - a scroll of fear {unknown}
 R - a scroll of immolation {unknown}
Potions
 j - 2 potions of brilliance {unknown}
 k - 2 potions of flight {unknown}
 l - 4 potions of ambrosia {unknown}
 p - 7 potions of curing
 z - 2 potions of haste {unknown}
 A - a potion of degeneration {unknown}
 B - a potion of mutation {unknown}
 C - 2 potions of invisibility {unknown}
 M - 3 potions of might {unknown}
 Q - a potion of resistance {unknown}
 S - a potion of berserk rage {unknown}
Miscellaneous
 K - a piece from Xom's chessboard (15/15)


   Skills:
 + Level 3.0 Fighting
 + Level 2.9 Short Blades
 + Level 8.7 Ranged Weapons
 * Level 3.4 Armour
 + Level 6.0 Dodging
 + Level 3.1 Stealth
 * Level 3.3 Shields
 + Level 4.3 Evocations


You had 8 spell levels left.
You didn't know any spells.
Your spell library contained the following spells:

 Spells                   Type           Power      Damage    Failure   Level
 Sandblast                Erth           0%         2d4       54%         1
 Shock                    Conj/Air       0%         1d3       54%         1
 Ensorcelled Hibernation  Hex/Ice        0%         N/A       69%         2
 Passwall                 Tmut/Erth      0%         N/A       69%         2
 Stone Arrow              Conj/Erth      0%         3d7       89%         3
 Swiftness                Air            0%         N/A       89%         3
 Airstrike                Air            0%         2d(0-16)  100%        4


Dungeon Overview and Level Annotations

Branches:
Dungeon (8/15)             Temple (1/1) D:6           Sewer (visited)
   Lair: D:8-11

Altars:
Ashenzari
Dithmenos
Elyvilon
Fedhas
Gozag
Hepliaklqana
Kikubaaqudgha
Makhleb
Nemelex Xobeh
Okawaru
Qazlal
Ru
Sif Muna
Trog
Uskayaw
Vehumet
Wu Jian
Xom
Yredelemnul
Zin
The Shining One

Shops:
D:7 (:


Innate Abilities, Weirdness & Mutations

Your life essence is reduced to manifest your ancestor. (-10% HP)
You are very small and have problems with some larger weapons.
You are too small for most types of armour.
You have supernaturally acute eyesight. (SInv)
You cover ground extremely quickly. (Speed+++)


Message History

The killer bee stings you but does no damage.
The killer bee barely misses you. The killer bee misses you.
Aiming: Throw Flame
Press: ? - help, Shift-Dir - straight line, f/p - killer bee
Aim: a killer bee (almost dead, 48% to hit)
The puff of flame misses the killer bee.
The killer bee completely misses you. You block the killer bee's attack.
The killer bee stings you.
* * * LOW HITPOINT WARNING * * *
Tochtli barely misses the killer bee.
The killer bee closely misses you. The killer bee misses you.
The killer bee barely misses you.
Aiming: Throw Flame
Press: ? - help, Shift-Dir - straight line, f/p - killer bee
Aim: a killer bee (almost dead, 48% to hit)
The puff of flame hits the killer bee!
You kill the killer bee!
The killer bee misses you. You block the killer bee's attack.
Tochtli closely misses the killer bee.
The killer bee misses you. x2
Your Fighting skill increases to level 3!
You shoot a bolt. The bolt hits the killer bee.
The killer bee is severely wounded.
You block the killer bee's attack. The killer bee stings you.
* * * LOW HITPOINT WARNING * * *
You are poisoned.
The killer bee poisons you! The killer bee barely misses you.
The killer bee completely misses you.
Tochtli barely misses the killer bee.
The killer bee closely misses you.
The killer bee stings you but does no damage.
You shoot a bolt. The bolt hits the killer bee.
The killer bee is almost dead.
You feel very sick.
The killer bee stings you but does no damage.
The killer bee misses you.
Tochtli misses the killer bee.
The killer bee stings you.
* * * LOW HITPOINT WARNING * * *
You are more poisoned.
The killer bee poisons you! You block the killer bee's attack.
Tochtli completely misses the killer bee.
You block the killer bee's attack. The killer bee stings you.
You die...

#...........#
#..##..###'##
#######..######..##
#...'.........#....
#...#.........#.... #.
##.###...######'###
##..# #R########..##.###
.....?#y.#..............
.....††@.#..)...........
......#y.#..............
##..# #.###...###..#####
#. #.# #.. #..##### ...
. #......# .$. #......#
### ##'##+##
##..##..##..#
.............


You could see the friendly Tochtli the ancestor and 2 killer bees.

Vanquished Creatures
  Prince Ribbit (D:6)
  Sigmund (D:6)
  Eustachio (D:6)
  A water moccasin (D:6)
  2 black bears
  Pargi (D:3)
  2 ice beasts
  2 centaurs
  3 bullfrogs
  A gnoll sergeant (D:6)
  3 killer bees (D:8)
  3 hounds
  3 jellies
  4 orc priests
  4 iguanas
  3 sleepcaps
  An orc wizard (D:5)
  10 adders
  7 gnolls
  7 river rats
  A white imp (D:6)
  5 worms
  3 dart slugs
  26 orcs
  16 ball pythons
  6 endoplasms
  A giant cockroach (D:3)
  2 goblins
  7 hobgoblins
  7 jackals
  4 kobolds
  8 quokkas
  5 bats
  9 frilled lizards
  A giant cockroach zombie (D:3)
  A quokka zombie (D:3)
  25 rats
187 creatures vanquished.

Vanquished Creatures (collateral kills)
  A sky beast (D:7)
  A killer bee (D:8)
  A gnoll (D:6)
  A ball python (Sewer)
4 creatures vanquished.

Vanquished Creatures (others)
  An ice beast (D:6)
  An ancestor (D:7)
  An adder (Sewer)
3 creatures vanquished.

Grand Total: 194 creatures vanquished

Notes
Turn   | Place    | Note
-------+----------+-------------------------------------------
     0 | D:1      | monsoonserge the Spriggan Artificer began the quest for the
                  | Orb.
     0 | D:1      | Reached XP level 1. HP: 9/9 MP: 2/2
   419 | D:1      | Reached XP level 2. HP: 7/14 MP: 3/3
  1054 | D:2      | Reached skill level 1 in Fighting
  1054 | D:2      | Reached XP level 3. HP: 18/18 MP: 4/4
  1136 | D:2      | Reached skill level 1 in Ranged Weapons
  1177 | D:2      | Reached skill level 1 in Short Blades
  1445 | D:2      | Reached XP level 4. HP: 22/22 MP: 5/5
  1611 | D:3      | Reached skill level 2 in Ranged Weapons
  1820 | D:3      | Noticed Pargi
  1833 | D:3      | Killed Pargi
  1834 | D:3      | Reached skill level 3 in Ranged Weapons
  1834 | D:3      | Reached skill level 5 in Dodging
  1834 | D:3      | Reached XP level 5. HP: 9/25 MP: 6/6
  1923 | D:3      | Found a basalt altar of Yredelemnul.
  2385 | D:3      | Reached XP level 6. HP: 30/30 MP: 7/7
  2445 | D:3      | Found a broken altar of Ashenzari.
  2827 | D:4      | Found a glowing drain.
  2829 | D:4      | Reached skill level 4 in Ranged Weapons
  2867 | Sewer    | Entered a sewer
  2920 | Sewer    | Reached skill level 1 in Shields
  3123 | Sewer    | Reached skill level 1 in Armour
  3125 | Sewer    | Reached XP level 7. HP: 32/34 MP: 8/8
  3291 | D:4      | Reached skill level 5 in Ranged Weapons
  3500 | D:5      | Entered Level 5 of the Dungeon
  3646 | D:5      | Found a shimmering altar of Xom.
  3865 | D:5      | Reached skill level 6 in Ranged Weapons
  3907 | D:5      | Reached XP level 8. HP: 39/39 MP: 9/9
  3967 | D:5      | Found an opulent altar of Gozag.
  4043 | D:6      | Noticed Sigmund
  4065 | D:6      | Killed Sigmund
  4074 | D:6      | Found a staircase to the Ecumenical Temple.
  4084 | Temple   | Entered the Ecumenical Temple
  4176 | D:6      | Noticed Eustachio
  4187 | D:6      | Killed Eustachio
  4191 | D:6      | Found a shimmering blue altar of Sif Muna.
  4191 | D:6      | Found a blossoming altar of Fedhas.
  4193 | D:6      | Found a hazy altar of Hepliaklqana.
  4193 | D:6      | Found a bloodstained altar of Trog.
  4197 | D:6      | Found a shadowy altar of Dithmenos.
  4209 | D:6      | Became a worshipper of Hepliaklqana the Forgotten
  4387 | D:6      | Reached skill level 7 in Ranged Weapons
  4485 | D:6      | Noticed Prince Ribbit
  4932 | D:6      | Killed Prince Ribbit
  5114 | D:7      | Reached skill level 8 in Ranged Weapons
  5114 | D:7      | Reached XP level 9. HP: 42/43 MP: 10/10
  5187 | D:7      | Found a radiant altar of Vehumet.
  5385 | D:7      | Reached * piety under Hepliaklqana
  5596 | D:7      | Found Touhutas's Antique Weapon Emporium.
  5629 | D:7      | Found an iron altar of Okawaru.
  5635 | D:7      | Identified the +1 falchion "Odomoi" {protect, rElec rF-
                  | Str+5 Int-2}
  5649 | D:7      | Found Mioneikk's Book Shoppe.
  6014 | D:6      | Found an ornate altar of the Wu Jian Council.
  6310 | D:8      | Slain by a killer bee

Illustrated notes

Levels and vault maps discovered:
D:1:      dpeg_arrival_central, layout_basic
D:2:      layout_loops_ring, mrwooster_statue_mirror, kennysheep_generic_room_8
D:3:      layout_basic, evilmike_ruin_ashenzari,
          lemuel_zombie_altar_yredelemnul, minmay_misc_feat_columns, uniq_pargi
D:4:      layout_loops_cross, portal_sewer_entry_a
D:5:      layout_rooms, dk_xom_monty_hall, lemuel_tele_altar,
          hellmonk_bongcloud_opening
D:6:      layout_basic, nicolae_overflow_hidden_temple,
          grunt_temple_overflow_open, minmay_temple_entry_slanted,
          uniq_prince_ribbit1, uniq_sigmund, uniq_eustachio
D:7:      layout_gridville, okawaru_ov_weapons_minmay,
          mainiacjoe_overflow_small_starburst, serial_shops,
          nicolae_square_shop, nicolae_shop_crystal
D:8:      layout_gridville
Temple:   dpeg_three_leaves_temple

Skill      XL: |  1  2  3  4  5  6  7  8  9 |
---------------+----------------------------+-----
Dodging        | 4 5 6 |  6.0
Fighting       | 1 2 3 |  3.0
Ranged Weapons | 1 3 4 6 8 |  8.7
Short Blades   | 1 2 |  2.9
Stealth        | 2 3 |  3.1
Shields        | 1 2 3 |  3.3
Armour         | 1 2 3 |  3.4
Evocations     | |  4.3

Action                     |  1- 3 |  4- 6 |  7- 9 || total
---------------------------+-------+-------+-------++-------
  Melee: Dagger            |    33 |     2 |    20 ||    55
         Club              |     4 |       |       ||     4
   Fire: Hand crossbow     |    42 |   191 |   215 ||   448
 Invoke: Recall Ancestor   |       |       |     1 ||     1
  Evoke: Wand              |     5 |     4 |     6 ||    15
         Piece from Xom's  |       |       |     7 ||     7
    Use: Potion            |       |     1 |     2 ||     3
   Stab: Sleeping          |     2 |       |     1 ||     3
         Confused          |       |       |     1 ||     1
 Armour: Robe              |     3 |       |       ||     3
         Skin              |       |    23 |       ||    23
         Troll leather arm |       |    12 |    13 ||    25
  Dodge: Dodged            |    36 |   153 |   138 ||   327
  Block: Buckler           |       |    45 |    59 ||   104
